 Dungeon Crawl Stone Soup version 0.20.1-1-g8b1a95d (webtiles) character file.

800 Monsterracer the Sneak (level 7, -1/67 HPs)
             Began as a Naga Assassin on Aug 23, 2017.
             Slain by an iguana (6 damage)
             ... on level 6 of the Dungeon.
             The game lasted 00:26:15 (7808 turns).

Monsterracer the Sneak (Naga Assassin)              Turns: 7808, Time: 00:26:16

Health: -1/67      AC:  8    Str: 15    XL:     7   Next: 90%
Magic:  7/7        EV:  8    Int: 12    God:
Gold:   239        SH:  0    Dex: 12    Spells: 6/6 levels left

rFire    . . .     SeeInvis +   a - +0 hand axe
rCold    . . .     Gourm    .   (no shield)
rNeg     . . .     Faith    .   r - +0 ring mail
rPois    +         Spirit   .   f - +0 helmet
rElec    .         Reflect  .   C - +0 cloak
rCorr    .         Harm     .   c - +0 pair of gloves
MR       .....     Rnd*Tele +   (no barding)
Stlth    +++.......             (no amulet)
Regen    0.3/turn               m - ring of teleportation (curse)
MPRegen  0.1/turn               (no ring)

@: very slow
A: see invisible, deformed body, poison resistance, slowness 2, slow metabolism
1, spit poison 1, AC +2
a: Spit Poison


You were on level 6 of the Dungeon.
You were not hungry.

You visited 2 branches of the dungeon, and saw 7 of its levels.
You also visited: Sewer.

You collected 239 gold pieces.

Inventory:

Hand Weapons
 a - a +0 hand axe (weapon)
 b - a +1 blowgun
 w - a +0 short sword of holy wrath
Missiles
 e - 25 poisoned needles
 o - 2 tomahawks (quivered)
 v - 133 stones
 y - 6 javelins
Armour
 c - a +0 pair of gloves (worn)
 f - a +0 helmet (worn)
 q - a +0 scale mail
 r - a +0 ring mail (worn)
 C - a +0 cloak (worn)
Jewellery
 h - an uncursed ring of magical power
 m - a cursed ring of teleportation (left hand)
Wands
 d - a wand of paralysis (13/24)
Scrolls
 k - 9 scrolls of teleportation
 x - 2 scrolls of fog
 B - 2 scrolls of enchant weapon
Potions
 i - 2 potions of agility
 j - a potion of mutation
 l - a potion of might
 n - a potion of lignification
 s - a potion of brilliance
 u - 2 potions of haste
 z - a potion of heal wounds {unknown}
 A - a potion of curing {unknown}
 D - a potion of flight {unknown}
Comestibles
 g - 6 bread rations
 p - a royal jelly
 t - a meat ration


   Skills:
 * Level 5.3 Fighting
 - Level 2.0 Short Blades
 * Level 5.6 Axes
 + Level 1.7 Throwing
 - Level 1.0 Armour
 - Level 1.2 Dodging
 - Level 7.6 Stealth


You had 6 spell levels left.
You didn't know any spells.

Dungeon Overview and Level Annotations

Branches:
Dungeon (6/15)             Temple (1/1) D:4

Altars:
Cheibriados
Elyvilon
Fedhas
Hepliaklqana
Kikubaaqudgha
Makhleb
Nemelex Xobeh
Qazlal
Ru
Sif Muna
Trog
Uskayaw
Vehumet
Xom
Zin
The Shining One

Annotations:
D:4 Terandir's ghost, amateur MiFi


Innate Abilities, Weirdness & Mutations

You cannot wear boots.
Your serpentine skin is tough. (AC +2)
You have supernaturally acute eyesight. (SInv)
Armour fits poorly on your strangely shaped body.
Your system is resistant to poisons. (rPois)
You cover ground very slowly.
You have a slow metabolism.
You can spit poison.


Message History

Huge Dmg: -12%(-8hp) hp: 15%(10hp)
Press: ? - help, Shift-Dir - straight line, f/p - iguana
Aim: an iguana (heavily wounded, poisoned)
The splash of poison hits the iguana.
The iguana appears unharmed.
The iguana is heavily wounded.
You feel slightly more hungry.
The iguana bites you but does no damage.
You completely miss the iguana.
The iguana is heavily wounded.
The iguana closely misses you.
You hit the iguana.
The iguana is almost dead.
The iguana bites you.
* * * LOW HITPOINT WARNING * * *
Huge Dmg: -9%(-6hp) hp: 8%(5hp)
You closely miss the iguana.
The iguana is almost dead.
You have got your breath back.
The iguana bites you.
You die...

#.# #.#
#.# #.#
#.# #.#
#.#
...#####.#
......l@.#
##.#######


You could see an iguana.

Vanquished Creatures
  2 ogres (D:4)
  A centaur (D:5)
  A bullfrog (Sewer)
  A water moccasin skeleton (D:4)
  A bullfrog skeleton (D:5)
  3 orc wizards (D:3)
  2 worker ants (D:4)
  The ghost of tidbits the Skirmisher, a weakling DgWn (Sewer)
  Robin (D:3)
  7 adders
  4 gnolls
  4 worms
  11 leopard geckos
  5 orcs
  9 bats
  12 giant cockroaches
  18 goblins
  10 hobgoblins
  6 jackals
  3 quokkas
  7 ball pythons
  9 frilled lizards
  9 kobolds
  9 rats
136 creatures vanquished.

Notes
Turn   | Place    | Note
-------+----------+-------------------------------------------
     0 | D:1      | Monsterracer the Naga Assassin began the quest for the Orb.
     0 | D:1      | Reached XP level 1. HP: 19/19 MP: 1/1
    61 | D:1      | Reached skill level 6 in Stealth
   171 | D:1      | HP: 7/19 [gnoll/spear (4)]
   172 | D:1      | HP: 1/19 [gnoll/spear (6)]
   178 | D:1      | Reached XP level 2. HP: 2/27 MP: 2/2
   213 | D:1      | HP: 5/27 [frilled lizard (1)]
   873 | D:1      | Reached XP level 3. HP: 32/34 MP: 3/3
  1597 | D:2      | Found a blossoming altar of Fedhas.
  1659 | D:2      | Reached skill level 7 in Stealth
  1659 | D:2      | Reached XP level 4. HP: 42/42 MP: 4/4
  1810 | D:2      | HP: 19/43 [adder (3)]
  1815 | D:2      | HP: 10/43 [adder (3)]
  1821 | D:2      | HP: 6/44 [poisoned by an adder]
  1828 | D:2      | HP: 5/44 [poisoned by an adder]
  1836 | D:2      | HP: 4/44 [poisoned by an adder]
  2604 | D:2      | Reached XP level 5. HP: 43/50 MP: 5/5
  2851 | D:3      | Found a hazy altar of Hepliaklqana.
  3499 | D:3      | Reached skill level 1 in Axes
  3507 | D:3      | Noticed Robin
  3554 | D:3      | Killed Robin
  4076 | D:3      | HP: 25/51 [orc wizard/dagger (3)]
  4077 | D:3      | HP: 11/51 [orc wizard/puff of frost (12)]
  4078 | D:3      | HP: 4/51 [orc wizard/puff of frost (7)]
  4083 | D:3      | HP: 2/51 [orc wizard/dagger (3)]
  4084 | D:3      | Reached XP level 6. HP: 2/58 MP: 6/6
  4402 | D:4      | HP: 29/58 [water moccasin skeleton (2)]
  4409 | D:4      | HP: 20/58 [water moccasin skeleton (2)]
  4754 | D:4      | Found a staircase to the Ecumenical Temple.
  4824 | D:4      | HP: 25/58 [ogre/giant spiked club (19)]
  4826 | D:4      | HP: 9/58 [ogre/giant spiked club (11)]
  5101 | Temple   | Entered the Ecumenical Temple
  5438 | D:4      | Reached XP level 7. HP: 48/66 MP: 7/7
  5763 | D:4      | Found a burning altar of Makhleb.
  5852 | D:4      | Noticed Terandir's ghost (amateur MiFi)
  6137 | D:4      | HP: 32/66 [Terandir's ghost (10)]
  6200 | D:4      | HP: 31/66 [Terandir's ghost (16)]
  6205 | D:5      | Entered Level 5 of the Dungeon
  6362 | D:5      | Found a shimmering altar of Xom.
  6374 | D:5      | HP: 32/66 [worm (9)]
  6448 | D:5      | Found a glowing drain.
  6456 | D:5      | Reached skill level 5 in Axes
  6525 | Sewer    | Entered a sewer
  6525 | Sewer    | Noticed tidbits's ghost (weakling DgWn)
  6550 | Sewer    | HP: 32/66 [tidbits's ghost (7)]
  6560 | Sewer    | HP: 45/99 [tidbits's ghost (5)]
  6563 | Sewer    | Killed tidbits's ghost
  7087 | Sewer    | Reached skill level 5 in Fighting
  7087 | Sewer    | Reached skill level 1 in Dodging
  7278 | D:5      | Found a white marble altar of Elyvilon.
  7356 | D:5      | HP: 31/67 [centaur (7)]
  7358 | D:5      | Reached skill level 1 in Armour
  7554 | D:5      | Found a hide-covered altar of Uskayaw.
  7591 | D:5      | HP: 33/67 [gnoll/club (3)]
  7600 | D:5      | HP: 29/67 [gnoll/spear (6)]
  7796 | D:6      | HP: 33/67 [iguana (11)]
  7801 | D:6      | HP: 23/67 [iguana (10)]
  7804 | D:6      | HP: 10/67 [iguana (8)]
  7808 | D:6      | Slain by an iguana

Skill      XL: |  1  2  3  4  5  6  7 |
---------------+----------------------+-----
Stealth        | 6 7 |  7.6
Fighting       | 3 4 5 |  5.3
Axes           | 2 4 5 |  5.6
Dodging        | 1 |  1.2
Armour         | 1 |  1.0
Short Blades   | |  2.0
Throwing       | |  1.7

Action                   |  1- 3 |  4- 6 |  7- 9 || total
-------------------------+-------+-------+-------++-------
Melee: Dagger            |    80 |   129 |       ||   209
       Hand axe          |       |    81 |   198 ||   279
       Short sword       |       |       |     7 ||     7
 Fire: Blowgun           |     3 |     5 |     7 ||    15
Throw: Stone             |       |     6 |     2 ||     8
 Abil: Spit Poison       |    12 |    29 |    11 ||    52
  Use: Scroll            |     6 |     1 |     5 ||    12
       Potion            |       |     1 |     1 ||     2
 Stab: Sleeping          |     9 |     7 |       ||    16
       Distracted        |       |     1 |     1 ||     2
  Eat: Chunk             |     2 |    10 |     6 ||    18
       Royal jelly       |       |       |     1 ||     1
Armor: Robe              |    24 |       |       ||    24
       Ring mail         |    27 |    84 |    93 ||   204
       Skin              |       |       |    10 ||    10
Dodge: Dodged            |    54 |   100 |    93 ||   247
